 Dungeon Crawl Stone Soup version 0.14-a0-405-gb95792f (webtiles) character file.

1943 PolkaDot the Covert (level 8, -5/55 HPs)
             Began as a Vampire Assassin on Oct 27, 2013.
             Was a Follower of Sif Muna.
             Slain by a wight
             ... wielding a cursed +2,+3 great sword
              (17 damage)
             ... on Level 8 of the Dungeon.
             The game lasted 00:31:25 (6210 turns).

PolkaDot the Covert (Vampire Assassin)              Turns: 6210, Time: 00:31:25

HP  -5/55        AC  4     Str 10      XL: 8   Next: 52%
MP  13/13        EV 12     Int 15      God: Sif Muna [*.....]
Gold 442         SH  0     Dex 12 (15) Spells:  1 memorised, 11 levels left

Res.Fire  : . . .   See Invis. : +   C - +2,+1 dagger (venom) (curse)
Res.Cold  : . . .   Warding    : .   c - +0 robe
Life Prot.: + . .   Conserve   : .   (no shield)
Res.Poison: .       Res.Corr.  : .   (no helmet)
Res.Elec. : .       Clarity    : .   d - +0 cloak
Sust.Abil.: . .     Spirit.Shd : .   D - +0 pair of gauntlets
Res.Mut.  : .       Stasis     : .   (no boots)
Res.Rott. : .       Flight     : .   (no amulet)
Saprovore : . . .                    v - ring of wizardry
                                     L - ring of teleport control

@: somewhat resistant to hostile enchantments, extremely stealthy
A: bottle blood, fangs 3, see invisible, unbreathing
a: Bat Form, Bottle Blood, Channel Energy, Renounce Religion, Evoke Teleport
Control


You were on level 8 of the Dungeon.
You worshipped Sif Muna.
Sif Muna was aware of your devotion.
You were not thirsty.

You visited 1 branch of the dungeon, and saw 8 of its levels.
You also visited: Ossuary.

You collected 422 gold pieces.
You spent 30 gold pieces at shops.

Inventory:

Hand weapons
 b - a +0 blowgun
 C - a cursed +2,+1 dagger of venom (weapon)
Missiles
 e - 20 poisoned needles
 f - 2 curare-tipped needles
Armour
 c - a +0 robe (worn)
 d - a +0 cloak (worn)
 D - a +0 pair of gauntlets (worn)
Magical devices
 a - a wand of random effects (10)
 p - a wand of frost (12)
 u - a wand of teleportation (1)
 A - a wand of fire (4)
 F - a wand of confusion (12)
 J - a wand of slowing (12) {unknown}
 K - a wand of cold (11) {unknown}
Scrolls
 h - a scroll of random uselessness {unknown}
 i - a scroll of fog
 j - 2 scrolls of magic mapping {unknown}
 k - 2 scrolls of enchant weapon I {unknown}
 l - a scroll of noise {unknown}
 n - 3 scrolls of teleportation {unknown}
 q - 2 scrolls of enchant armour {unknown}
 r - a scroll of enchant weapon II
 s - 2 scrolls of curse weapon {unknown}
 w - a scroll of remove curse {unknown}
 x - 4 scrolls of identify
 B - 2 scrolls of recharging {unknown}
 G - 2 scrolls of blinking {unknown}
 H - 3 scrolls of curse armour {unknown}
Jewellery
 v - a ring of wizardry (right hand)
 E - an uncursed ring of sustain abilities
 L - a ring of teleport control (left hand)
Potions
 m - a potion of mutation
 o - 3 potions of restore abilities
Books
 g - Vehumet's Volume of Confrontation
   (You found it on level 3 of the Dungeon)

   Spells                             Type                      Level
   *Magic Dart                        Conjuration                  1
 y - Kikubaaqudgha's Tome of Unholy Secrets
   (You found it on level 3 of the Dungeon)

   Spells                             Type                      Level
   Animate Skeleton                   Necromancy                   1
 z - Sif Muna's Incunabulum of Blows and Bruises
   (You found it on level 3 of the Dungeon)

   Spells                             Type                      Level
   Flame Tongue                       Conjuration/Fire             1
 I - a book of Wizardry

   Spells                             Type                      Level
   Summon Elemental                   Summoning                    4
   Agony                              Necromancy                   5
   Force Lance                        Conjuration                  5
   Fireball                           Conjuration/Fire             5
   Haste                              Charms                       6
   Invisibility                       Hexes                        6


   Skills:
 - Level 1.7 Fighting
 - Level 3.0 Short Blades
 - Level 1.5 Throwing
 - Level 2.0 Dodging
 + Level 12.8 Stealth
 - Level 2.7 Spellcasting
 * Level 4.4 Conjurations
 - Level 0.2 Evocations


You had 11 spell levels left.
You knew the following spells:

 Your Spells              Type           Power        Failure   Level  Hunger
a - Magic Dart            Conj           ###.         1%          1    #......


Dungeon Overview and Level Annotations

Branches:
Dungeon (8/27)             Temple (0/1) D:5
    Orc: D:6-11        Lair: D:8-13

Altars:
Ashenzari
Fedhas
Kikubaaqudgha
Nemelex Xobeh
Okawaru
Sif Muna
Vehumet
Xom

Shops:
D:6 *

Annotations:
D:3 Crazy Yiuf


Innate Abilities, Weirdness & Mutations

You can bottle blood from corpses.
You have razor-sharp teeth.*
You have supernaturally acute eyesight.
You can survive without breathing.*


Message History

The magic dart hits the wight.
The wight is heavily damaged.
The wight barely misses you.
Casting: Magic Dart
Confirm with . or Enter, or press ? or * to list all spells.
Aiming: Magic Dart
Press: ? - help, Shift-Dir - straight line, f/p - wight
Aim: a wight, wielding a great sword and wearing a robe (heavily damaged)
The magic dart hits the wight.
The wight is heavily damaged.
Casting: Magic Dart
Confirm with . or Enter, or press ? or * to list all spells.
Aiming: Magic Dart
Press: ? - help, Shift-Dir - straight line, f/p - wight
Aim: a wight, wielding a great sword and wearing a robe (heavily damaged)
The magic dart hits the wight.
The wight is heavily damaged.
The wight closely misses you. The wight hits you with a great sword!
You die...

#......# #.#
#......# #.#
#......# #)#
#......# #.#
#......# #.#
#......# ..#
#.####.########.
#.# #.#
#z........k #.#
#.# #@########k
#.# #.# #.# #.#
#.# #.# #.# #.#
#<# #.# #.# #.#
#.#
#.####.#######
#..............
#.####.#######


You could see a wight.

Vanquished Creatures
  A hungry ghost (D:7)
  2 sky beasts (D:7)
  2 phantoms
  Sigmund (D:6)
  2 giant frogs
  2 ogres
  A crimson imp (D:5)
  2 goliath beetles
  A hound (D:6)
  A giant frog zombie (D:8)
  An iguana (D:6)
  8 worker ants
  A sky beast zombie (D:7)
  A mummy (D:7)
  7 adders
  4 gnolls (D:4)
  2 worms
  4 giant eyeballs
  4 giant geckos
  9 orcs
  A ball python (D:2)
  A giant cockroach (D:5)
  10 goblins
  14 hobgoblins
  8 jackals
  A quokka (D:7)
  8 bats
  6 giant newts
  A giant newt skeleton (D:5)
  A giant spore (D:8)
  9 kobolds
  A kobold skeleton (D:6)
  A kobold zombie (D:5)
  2 orc zombies
  9 rats
  A rat skeleton (D:7)
130 creatures vanquished.

Notes
Turn   | Place    | Note
--------------------------------------------------------------
     0 | D:1      | PolkaDot, the Vampire Assassin, began the quest for the Orb.
     0 | D:1      | Reached XP level 1. HP: 15/15 MP: 1/1
   311 | D:1      | Reached skill level 6 in Stealth
   359 | D:1      | Reached XP level 2. HP: 19/21 MP: 2/2
   972 | D:2      | Reached XP level 3. HP: 26/26 MP: 3/3
  1137 | D:2      | Found a sparkling altar of Nemelex Xobeh.
  1993 | D:3      | Reached skill level 7 in Stealth
  2089 | D:3      | Reached XP level 4. HP: 12/32 MP: 4/4
  2300 | D:3      | Found a shattered altar of Ashenzari.
  2530 | D:3      | Found a radiant altar of Vehumet.
  2534 | D:3      | Identified Vehumet's Volume of Confrontation
  2539 | D:3      | Found an ancient bone altar of Kikubaaqudgha.
  2543 | D:3      | Identified Kikubaaqudgha's Tome of Unholy Secrets
  2548 | D:3      | Found a deep blue altar of Sif Muna.
  2552 | D:3      | Identified Sif Muna's Incunabulum of Blows and Bruises
  2559 | D:3      | Learned a level 1 spell: Magic Dart
  2564 | D:3      | Became a worshipper of Sif Muna the Loreminder
  2626 | D:3      | Noticed Crazy Yiuf
  2734 | D:4      | Found a shimmering altar of Xom.
  2950 | D:4      | Reached skill level 1 in Spellcasting
  3291 | D:4      | Noticed an ogre
  3296 | D:4      | Killed an ogre
  3296 | D:4      | Reached skill level 8 in Stealth
  3296 | D:4      | Reached XP level 5. HP: 38/38 MP: 7/7
  3617 | D:5      | Entered Level 5 of the Dungeon
  3621 | D:5      | Found an iron altar of Okawaru.
  3765 | D:5      | Found a staircase to the Ecumenical Temple.
  3771 | D:5      | Reached skill level 9 in Stealth
  3878 | D:5      | Paralysed by a giant eyeball for 4 turns
  3922 | D:5      | Reached XP level 6. HP: 28/44 MP: 9/9
  3972 | D:5      | Noticed an ogre
  3973 | D:5      | Killed an ogre
  4151 | D:5      | Found a sand-covered staircase.
  4171 | Ossuary  | Entered an ossuary
  4171 | Ossuary  | Noticed Zurvan's ghost (experienced LOFi)
  4381 | D:6      | Found Ocihy's Assorted Antiques.
  4386 | D:6      | Bought a scroll labeled ISYTU MARCHUSCH for 30 gold pieces
  4495 | D:6      | Found a blossoming altar of Fedhas.
  4498 | D:6      | Found an iron altar of Okawaru.
  4549 | D:6      | Noticed Sigmund
  4567 | D:6      | Killed Sigmund
  4567 | D:6      | Reached skill level 10 in Stealth
  4567 | D:6      | Reached skill level 1 in Conjurations
  4603 | D:6      | Reached XP level 7. HP: 10/49 MP: 11/11
  4823 | D:6      | Reached skill level 11 in Stealth
  5328 | D:7      | Reached skill level 12 in Stealth
  5344 | D:7      | Acquired Sif Muna's first power
  5441 | D:7      | Reached XP level 8. HP: 23/55 MP: 13/13
  6210 | D:8      | Slain by a wight

Action                   |  1- 3 |  4- 6 |  7- 9 || total
-------------------------+-------+-------+-------++-------
Melee: Dagger            |   140 |   232 |   145 ||   517
 Cast: Magic Dart        |       |    10 |    14 ||    24
Evoke: Wand              |       |     3 |     3 ||     6
  Use: Scroll            |     4 |     5 |       ||     9
       Potion            |       |     8 |     4 ||    12
 Stab: Sleeping          |    12 |    13 |    19 ||    44
       Distracted        |       |     1 |       ||     1
